 Dungeon Crawl Stone Soup version 0.29.0-4-gdea44cf6ec (webtiles) character file.

Game seed: 10371965719732200109

31 qw the Caller (level 3, -1/28 HPs)
             Began as a Ghoul Summoner on Sept 9, 2022.
             Slain by a worm (7 damage)
             ... on level 2 of the Dungeon.
             The game lasted 00:00:43 (1705 turns).

qw the Caller (Ghoul Summoner)                      Turns: 1705, Time: 00:00:44

Health: -1/28      AC:  8    Str: 13    XL:     3   Next: 22%
Magic:  4/4        EV:  5    Int: 10    God:
Gold:   72         SH:  0    Dex:  9    Spells: 4/5 levels left

rFire   . . .      SeeInvis .   Y - +0 short sword
rCold   + . .      Faith    .   (no shield)
rNeg    + + +      Spirit   .   i - +0 chain mail
rPois   inf        Reflect  .   (no helmet)
rElec   .          Harm     .   (no cloak)
rCorr   .          Rampage  .   (no gloves)
Will    .....                   (no boots)
Stlth   ..........              (no amulet)
HPRegen 0.00/turn               (no ring)
MPRegen 0.09/turn               (no ring)

@: inhibited regen, slowed, very slow
A: claws 1, cold resistance 1, negative energy resistance 3, inhibited
regeneration, torment resistance 2, devour on kill
a: no special abilities


You were on level 2 of the Dungeon.
You visited 1 branch of the dungeon, and saw 2 of its levels.

You collected 72 gold pieces.


Innate Abilities, Weirdness & Mutations

You are immune to poison.
You have sharp fingernails.
Your flesh is cold resistant. (rC+)
You are immune to negative energy. (rN+++)
You do not regenerate when monsters are visible.
You are immune to unholy pain and torment.
You thrive by killing the living.


   Skills:
 + Level 1.6 Fighting
 - Level 2.0 Axes
 - Level 1.7 Dodging
 - Level 2.1 Stealth
 - Level 1.7 Spellcasting
 - Level 3.6 Summonings


You had 4 spell levels left.
You knew the following spells:

 Your Spells              Type           Power      Damage    Failure   Level
a - Summon Small Mammal   Summ           32%        N/A       95%         1

Your spell library contained the following spells:

 Spells                   Type           Power      Damage    Failure   Level
 Call Imp                 Summ           8%         N/A       99%         2
 Call Canine Familiar     Summ           8%         N/A       100%        3
 Summon Guardian Golem    Hex/Summ       4%         N/A       100%        3
 Summon Lightning Spire   Summ/Air       4%         N/A       100%        4

Inventory:

Hand Weapons
 Y - a +0 short sword (weapon)
Armour
 i - a +0 chain mail (worn)
Potions
 e - a potion of might {unknown}
 f - a potion of lignification {unknown}

Dungeon Overview and Level Annotations

Branches:
Dungeon (2/15)

Altars:

Annotations:
D:2 Jessica


Message History

You hit the bat but do no damage.
The bat is heavily wounded.
The bat barely misses you. Jessica hits you with a +0 dagger.
The frilled lizard barely misses you. The worm barely misses you.
Jessica barely misses you.
You barely miss the bat.
The bat is heavily wounded.
The bat hits you but does no damage. Jessica hits you with a +0 dagger.
The frilled lizard bites you but does no damage.
The bat hits you but does no damage. The worm closely misses you.
Jessica mumbles some strange words.
Jessica blinks!
The frilled lizard bites you but does no damage.
You hit the bat.
The bat is severely wounded.
The bat hits you but does no damage.
The frilled lizard bites you but does no damage.
The bat hits you. The worm bites you!
Jessica gestures wildly while chanting.
Jessica blinks!
The frilled lizard bites you but does no damage.
You hit the bat.
You kill the bat!
The frilled lizard bites you but does no damage.
The worm bites you.
Jessica gestures wildly while chanting.
Jessica blinks!
The frilled lizard barely misses you.
You hit the worm.
The worm is moderately wounded.
You feel a little less clever now.
Jessica seems less brilliant.
The worm bites you but does no damage.
The frilled lizard bites you but does no damage.
You barely miss the worm.
The worm is lightly wounded.
Jessica casts a spell at you. You resist with some effort.
The frilled lizard completely misses you.
Jessica casts a spell.
Jessica blinks!
The worm bites you!
You die...

..........#####
...........#....
.............#..
......).........
............#...
..............##
................
......%wl....#
......ยค@..####
...............
........#######
.....@.##
....... .......
....... .......


You could see a worm, Jessica (fast) and a frilled lizard.

Vanquished Creatures
  4 bats
  An endoplasm (D:1)
  A giant cockroach (D:1)
  2 hobgoblins (D:1)
  2 jackals (D:1)
  A kobold (D:1)
  A quokka (D:1)
12 creatures vanquished.

Vanquished Creatures (collateral kills)
  2 bats (D:1)
  2 endoplasms (D:1)
  2 goblins (D:1)
  2 hobgoblins (D:1)
  A jackal (D:1)
  A frilled lizard (D:1)
  2 rats (D:1)
12 creatures vanquished.

Grand Total: 24 creatures vanquished

Notes
Turn   | Place    | Note
-------+----------+-------------------------------------------
     0 | D:1      | qw the Ghoul Summoner began the quest for the Orb.
     0 | D:1      | Reached XP level 1. HP: 14/14 MP: 2/2
     0 | D:1      | 0 ||| qw: Version: 0.1-a-113-g051387a
     0 | D:1      | 0 ||| qw: Game counter: 7091
     0 | D:1      | 0 ||| qw: Always use a shield: true
     0 | D:1      | 0 ||| qw: God list: Okawaru
     0 | D:1      | 0 ||| qw: Allow faded altars: false
     0 | D:1      | 0 ||| qw: Do Orc after D:15 true
     0 | D:1      | 0 ||| qw: Do second Lair branch before Depths: true
     0 | D:1      | 0 ||| qw: Lair rune preference: random
     0 | D:1      | 0 ||| qw: Plans: Normal
     0 | D:1      | 0 ||| PLANNING D:1-11
     3 | D:1      | 3 ||| CASTING Summon Small Mammal
     4 | D:1      | 4 ||| CASTING Summon Small Mammal
    16 | D:1      | 16 ||| CASTING Summon Small Mammal
    86 | D:1      | 86 ||| CASTING Summon Small Mammal
    87 | D:1      | 87 ||| CASTING Summon Small Mammal
   119 | D:1      | 119 ||| CASTING Summon Small Mammal
   120 | D:1      | 120 ||| CASTING Summon Small Mammal
   129 | D:1      | Reached skill level 1 in Axes
   191 | D:1      | 191 ||| CASTING Summon Small Mammal
   192 | D:1      | 192 ||| CASTING Summon Small Mammal
   221 | D:1      | 221 ||| Wielding weapon +0 dagger.
   244 | D:1      | 244 ||| CASTING Summon Small Mammal
   245 | D:1      | 245 ||| CASTING Summon Small Mammal
   255 | D:1      | Reached XP level 2. HP: 20/22 MP: 0/3
   299 | D:1      | 299 ||| CASTING Summon Small Mammal
   300 | D:1      | 300 ||| CASTING Summon Small Mammal
   301 | D:1      | 301 ||| CASTING Summon Small Mammal
   304 | D:1      | Reached skill level 1 in Fighting
   341 | D:1      | 341 ||| CASTING Summon Small Mammal
   342 | D:1      | 342 ||| CASTING Summon Small Mammal
   343 | D:1      | 343 ||| CASTING Summon Small Mammal
   403 | D:1      | 403 ||| CASTING Summon Small Mammal
   404 | D:1      | 404 ||| CASTING Summon Small Mammal
   405 | D:1      | 405 ||| CASTING Summon Small Mammal
   443 | D:1      | 443 ||| CASTING Summon Small Mammal
   444 | D:1      | 444 ||| CASTING Summon Small Mammal
   445 | D:1      | 445 ||| CASTING Summon Small Mammal
   486 | D:1      | 486 ||| CASTING Summon Small Mammal
   487 | D:1      | 487 ||| CASTING Summon Small Mammal
   488 | D:1      | 488 ||| CASTING Summon Small Mammal
   499 | D:1      | 499 ||| CASTING Summon Small Mammal
   548 | D:1      | 548 ||| CASTING Summon Small Mammal
   549 | D:1      | 549 ||| CASTING Summon Small Mammal
   550 | D:1      | 550 ||| CASTING Summon Small Mammal
   627 | D:1      | 627 ||| CASTING Summon Small Mammal
   628 | D:1      | 628 ||| CASTING Summon Small Mammal
   629 | D:1      | 629 ||| CASTING Summon Small Mammal
   672 | D:1      | 672 ||| CASTING Summon Small Mammal
   673 | D:1      | 673 ||| CASTING Summon Small Mammal
   677 | D:1      | 677 ||| CASTING Summon Small Mammal
   716 | D:1      | 716 ||| CASTING Summon Small Mammal
   717 | D:1      | 717 ||| CASTING Summon Small Mammal
   718 | D:1      | 718 ||| CASTING Summon Small Mammal
   860 | D:1      | 860 ||| SWAPPING to +0 short sword.
   861 | D:1      | 861 ||| DROPPING +0 dagger.
   875 | D:1      | 875 ||| CASTING Summon Small Mammal
   876 | D:1      | 876 ||| CASTING Summon Small Mammal
   877 | D:1      | 877 ||| CASTING Summon Small Mammal
  1000 | D:1      | 1000 ||| CASTING Summon Small Mammal
  1001 | D:1      | 1001 ||| CASTING Summon Small Mammal
  1002 | D:1      | 1002 ||| CASTING Summon Small Mammal
  1012 | D:1      | 1012 ||| CASTING Summon Small Mammal
  1024 | D:1      | 1024 ||| CASTING Summon Small Mammal
  1108 | D:1      | 1108 ||| CASTING Summon Small Mammal
  1109 | D:1      | 1109 ||| CASTING Summon Small Mammal
  1110 | D:1      | 1110 ||| Stepping ~*~*~tactically~*~*~ (stealth).
  1111 | D:1      | 1111 ||| CASTING Summon Small Mammal
  1119 | D:1      | 1119 ||| CASTING Summon Small Mammal
  1125 | D:1      | Reached XP level 3. HP: 26/28 MP: 0/4
  1130 | D:1      | 1130 ||| CASTING Summon Small Mammal
  1224 | D:1      | 1224 ||| CASTING Summon Small Mammal
  1225 | D:1      | 1225 ||| CASTING Summon Small Mammal
  1226 | D:1      | 1226 ||| CASTING Summon Small Mammal
  1227 | D:1      | 1227 ||| CASTING Summon Small Mammal
  1235 | D:1      | 1235 ||| CASTING Summon Small Mammal
  1381 | D:1      | 1381 ||| CASTING Summon Small Mammal
  1382 | D:1      | 1382 ||| CASTING Summon Small Mammal
  1383 | D:1      | 1383 ||| CASTING Summon Small Mammal
  1384 | D:1      | 1384 ||| CASTING Summon Small Mammal
  1392 | D:1      | 1392 ||| CASTING Summon Small Mammal
  1452 | D:1      | 1452 ||| CASTING Summon Small Mammal
  1453 | D:1      | 1453 ||| CASTING Summon Small Mammal
  1454 | D:1      | 1454 ||| CASTING Summon Small Mammal
  1455 | D:1      | 1455 ||| CASTING Summon Small Mammal
  1463 | D:1      | 1463 ||| CASTING Summon Small Mammal
  1637 | D:1      | 1637 ||| UPGRADING to +0 ring mail.
  1647 | D:1      | 1647 ||| DROPPING +0 robe.
  1648 | D:1      | 1648 ||| UPGRADING to +0 chain mail.
  1658 | D:1      | 1658 ||| DROPPING +0 ring mail.
  1659 | D:1      | 1659 ||| READING scroll labelled AFEMEEGG RIMUO.
  1660 | D:1      | 1660 ||| DRINKING 2 puce potions.
  1661 | D:1      | 1661 ||| DROPPING potion of magic.
  1662 | D:1      | 1662 ||| DROPPING potion of brilliance.
  1687 | D:2      | Noticed Jessica
  1697 | D:2      | 1697 ||| Stepping ~*~*~tactically~*~*~ (outnumbered).
  1703 | D:2      | HP: 6/28 [worm (2)]
  1705 | D:2      | Slain by a worm

Levels and vault maps discovered:
D:1:      dpeg_arrival_shelter, layout_basic
D:2:      layout_rooms, basic_altar, ebering_ecumenical_altar_ruins,
          uniq_natasha, uniq_jessica, uniq_terence, uniq_robin

Skill      XL: |  1  2 |
---------------+-------+-----
Axes           | 1 2 |  2.0
Fighting       | 1 |  1.6
Dodging        | |  1.7
Stealth        | |  2.1
Spellcasting   | |  1.7
Summonings     | |  3.6

Action                   || total
-------------------------++-------
Melee: Unarmed           ||    11
       Dagger            ||    21
       Short sword       ||    68
 Cast: Summon Small Mamm ||    61
  Use: Scroll            ||     1
       Potion            ||     1
Armor: Robe              ||    31
       Chain mail        ||    29
Dodge: Dodged            ||   108

Table legend:
 A = Non-vault XP
 B = Vault XP
 C = Vault XP percentage of total XP
 D = Non-vault monster count
 E = Vault monster count
 F = Vault count percentage of total count
                 A         B        C        D         E       F
            +---------+---------+-------+---------+---------+-------
      Total |      45 |       0 |   0.0 |      24 |       0 |   0.0
            +---------+---------+-------+---------+---------+-------
        D:1 |      43 |       0 |   0.0 |      23 |       0 |   0.0
        D:2 |       2 |       0 |   0.0 |       1 |       0 |   0.0
            +---------+---------+-------+---------+---------+-------
